 Dungeon Crawl Stone Soup version 0.25.1-8-g42b30a86e7 (webtiles) character file.

Game seed: 13504128136942722141

1372 Erymatos the Cleaver (level 8, -4/71 HPs)
             Began as a Minotaur Berserker on Dec 1, 2020.
             Was a Priest of Trog.
             Slain by a hippogriff (6 damage)
             ... on level 6 of the Dungeon.
             The game lasted 00:05:03 (4248 turns).

Erymatos the Cleaver (Minotaur Berserker)           Turns: 4248, Time: 00:05:04

Health: -4/71      AC: -5    Str: 25    XL:     8   Next: 38%
Magic:  7/7        EV: 13    Int:  4    God:    Trog [***...]
Gold:   192        SH:  6    Dex:  9    Spells: 7/7 levels left

rFire    . . .     SeeInvis .   y - +0 war axe
rCold    . . .     Gourm    .   i - +2 buckler
rNeg     . . .     Faith    .   (no armour)
rPois    +         Spirit   .   (helmet restricted)
rElec    .         Reflect  .   s - +1 cloak {rPois}
rCorr    .         Harm     .   (no gloves)
MR       ++...                  (no boots)
Stlth    +.........             e - amulet of regeneration
HPRegen  1.61/turn              (no ring)
MPRegen  0.10/turn              (no ring)

@: corroded, berserk cooldown, regenerating, slowed, very slow
A: retaliatory headbutt, horns 2
a: Berserk, Trog's Hand, Renounce Religion


You were on level 6 of the Dungeon.
You worshipped Trog.
Trog was most pleased with you.
You were hungry.

You visited 1 branch of the dungeon, and saw 6 of its levels.

You collected 192 gold pieces.

Inventory:

Hand Weapons
 a - a +0 hand axe
 y - a +0 war axe (weapon)
Armour
 b - a +0 animal skin
 i - a +2 buckler (worn)
 o - a +0 ring mail
 s - a +1 cloak of poison resistance (worn)
 u - a +3 scale mail of fire resistance
Jewellery
 e - an amulet of regeneration (around neck)
Scrolls
 h - 4 scrolls of teleportation {unknown}
 k - 3 scrolls of identify {unknown}
 l - 2 scrolls of immolation {unknown}
 n - 4 scrolls of enchant weapon {unknown}
 q - a scroll of amnesia {unknown}
 t - a scroll of blinking {unknown}
 v - a scroll of enchant armour {unknown}
 w - 3 scrolls of remove curse {unknown}
 x - a scroll of holy word {unknown}
Potions
 d - a potion of heal wounds {unknown}
 f - 6 potions of curing {unknown}
 g - a potion of stabbing {unknown}
 j - a potion of magic {unknown}
 m - 3 potions of haste {unknown}
 p - 2 potions of lignification {unknown}
 r - a potion of ambrosia {unknown}
 z - a potion of brilliance {unknown}
Comestibles
 c - 6 rations


   Skills:
 + Level 6.7 Fighting
 + Level 8.6 Axes
 + Level 5.1 Armour
 + Level 5.1 Dodging
 + Level 3.2 Shields


You had 7 spell levels left.
You didn't know any spells.
Your spell library was empty.

Dungeon Overview and Level Annotations

Branches:
Dungeon (6/15)
 Temple: D:4-7

Altars:
Fedhas
Hepliaklqana
Makhleb
Nemelex Xobeh
Zin

Annotations:
D:6 Eustachio


Innate Abilities, Weirdness & Mutations

You reflexively headbutt those who attack you in melee.
You have a pair of horns on your head.


Message History

The hippogriff misses you. The hippogriff barely misses you.
Unknown command.
You feel a strong urge to attack something.
You are no longer berserk.
You are exhausted.
You feel yourself slow down.
Unknown command.
Your skin crawls.
You feel resistant to hostile enchantments.
You are feeling hungry.
The hippogriff closely misses you. You furiously retaliate!
You headbutt the hippogriff, but do no damage.
The hippogriff barely misses you. x2
Unknown command.
You slash the hippogriff!
The hippogriff is severely wounded.
The hippogriff bites you.
* * * LOW HITPOINT WARNING * * *
The hippogriff pecks you.
You die...

.#.............#
.####..#.#.....+
.......#.#.....#
.......#.......+ #
........#......# .#
........#......#####....#
##......#................
#......#......#####.....
.......#.......@....#
......#.#######H{.## #..
#...o#...# #. #.ยง...#..#
## #....#.#...
.....@##.##.. ##...... .#
. ..O....# : #....@.#. .


You could see a hippogriff, Eustachio and an orc.

Vanquished Creatures
  A wyvern (D:6)
  Edmund (D:4)
  An ogre (D:4)
  A centaur (D:5)
  5 wights (D:6)
  A centaur zombie (D:6)
  A jelly (D:6)
  A bullfrog skeleton (D:4)
  Crazy Yiuf (D:4)
  2 hounds (D:4)
  3 orc wizards
  Jessica (D:2)
  Natasha (twice) (D:4)
  2 iguanas
  5 worker ants (D:4)
  A hound skeleton (D:4)
  A worker ant zombie (D:6)
  8 gnolls (D:5)
  5 adders
  3 shadow imps
  2 worms (D:3)
  3 dart slugs
  3 leopard geckos
  5 orcs
  7 giant cockroaches
  6 goblins
  6 hobgoblins
  A jackal (D:6)
  5 kobolds
  2 quokkas (D:4)
  A bat (D:3)
  5 frilled lizards
  A quokka zombie (D:5)
  6 rats
99 creatures vanquished.

Notes
Turn   | Place    | Note
-------+----------+-------------------------------------------
     0 | D:1      | Erymatos the Minotaur Berserker began the quest for the
                  | Orb.
     0 | D:1      | Reached XP level 1. HP: 19/19 MP: 0/0
    92 | D:1      | Reached XP level 2. HP: 23/27 MP: 1/1
    98 | D:1      | Reached skill level 4 in Axes
   766 | D:2      | Noticed Jessica
   772 | D:2      | Killed Jessica
   772 | D:2      | Reached XP level 3. HP: 34/34 MP: 2/2
  1244 | D:2      | Found a burning altar of Makhleb.
  1244 | D:2      | Noticed a balrug
  1247 | D:2      | Noticed a smoke demon
  1247 | D:2      | Noticed a smoke demon
  1416 | D:3      | Reached XP level 4. HP: 41/41 MP: 3/3
  1469 | D:3      | Found a faded altar of an unknown god.
  1550 | D:3      | Reached ** piety under Trog
  1746 | D:3      | Found a blossoming altar of Fedhas.
  1872 | D:3      | Reached skill level 5 in Axes
  1921 | D:3      | Reached XP level 5. HP: 47/47 MP: 4/4
  2174 | D:4      | Noticed Natasha
  2177 | D:4      | Killed Natasha
  2177 | D:4      | Reached skill level 5 in Fighting
  2231 | D:4      | Found a runed translucent door.
  2232 | D:4      | Noticed Crazy Yiuf
  2310 | D:4      | Killed Crazy Yiuf
  2486 | D:4      | Reached skill level 1 in Shields
  2486 | D:4      | Reached XP level 6. HP: 56/56 MP: 5/5
  2540 | D:4      | Found a sparkling altar of Nemelex Xobeh.
  2543 | D:4      | Noticed Edmund
  2553 | D:4      | Reached skill level 6 in Axes
  2554 | D:4      | Killed Edmund
  2570 | D:4      | Reached XP level 7. HP: 31/61 MP: 6/6
  2994 | D:4      | Reached skill level 5 in Armour
  3027 | D:4      | Noticed Natasha
  3031 | D:4      | Killed Natasha
  3031 | D:4      | Reached skill level 7 in Axes
  3078 | D:4      | You fall into a shaft and drop 1 floor!
  3078 | D:5      | Entered Level 5 of the Dungeon
  3090 | D:5      | Reached *** piety under Trog
  3466 | D:5      | Found a hazy altar of Hepliaklqana.
  3466 | D:5      | Found a glowing silver altar of Zin.
  4141 | D:6      | Reached XP level 8. HP: 70/70 MP: 7/7
  4147 | D:6      | Reached skill level 8 in Axes
  4231 | D:6      | Noticed Eustachio
  4233 | D:6      | Noticed a hippogriff
  4239 | D:6      | Reached skill level 5 in Dodging
  4242 | D:6      | Noticed a two-headed ogre
  4245 | D:6      | HP: 2/106 [hippogriff (6)]
  4248 | D:6      | Slain by a hippogriff

Illustrated notes

Levels and vault maps discovered:
D:1:      dpeg_arrival_orchard, layout_basic, solitary_fountain
D:2:      layout_loops_ring, makhleb_altar_promises_db, first_ration,
          uniq_jessica
D:3:      layout_rooms, overflow_temple_1_default,
          chequers_ecumenical_altar_grove
D:4:      layout_basic, vehumet_altar_wand_db,
          nemelex_xobeh_ov_fountains_minmay, uniq_edmund,
          uniq_crazy_yiuf_cottage, uniq_natasha
D:5:      layout_basic, gammafunk_temple_overflow_wave
D:6:      layout_basic, minmay_manual_mess, uniq_eustachio

Skill      XL: |  1  2  3  4  5  6  7  8 |
---------------+-------------------------+-----
Fighting       | 4 5 6 |  6.7
Axes           | 4 5 6 7 8 |  8.6
Armour         | 3 4 5 |  5.1
Dodging        | 3 4 5 |  5.1
Shields        | 1 2 3 |  3.2

Action                   |  1- 3 |  4- 6 |  7- 9 || total
-------------------------+-------+-------+-------++-------
Melee: Hand axe          |    56 |    89 |    96 ||   241
       Headbutt          |     6 |    21 |    18 ||    45
       War axe           |       |       |    12 ||    12
Invok: Berserk           |     1 |     4 |     4 ||     9
       Trog's Hand       |       |       |     1 ||     1
  Eat: Chunk             |     2 |     7 |     6 ||    15
       Ration            |       |       |     1 ||     1
Armor: Animal skin       |     4 |       |       ||     4
       Ring mail         |     7 |    19 |       ||    26
       Skin              |       |     1 |     9 ||    10
Dodge: Dodged            |    27 |    52 |    70 ||   149
Block: Buckler           |     5 |    14 |    35 ||    54
